AoeStats
← jusart.92

Arena

510619920Analyzed
4v4 RM · 21h ago on Oct 1, 2026· 39m 6s· 8 players
Game mode
Random Map
Map size
Large (8 player)
Population
200
Speed
Normal
Resources
Standard
Victory
Conquest
Starting age
Dark Age
Ending age
Imperial Age
RankedLock teamsTeams togetherTeam positionsShared explorationLock speedFull tech treeHidden civsTurbo modeCheats
Victory
Defeat
🇨🇳 Franks · China
1219
+17
🇲🇽 Danes · Mexico
1187
+18
🇨🇭 Britons · Switzerland
1180
+19
🇨🇳 Magyars · China
1139
+20
🇦🇷 Lithuanians · Argentina
1311
-21
🇦🇷 Huns · Argentina
1224
-18
🇦🇷 Persians · Argentina
1218
-18
🇦🇷 Vietnamese · Argentina
1206
-17
Queboocha
10:28 Feudal Age
10:43 Feudal Age
15:15 Castle Age
13:02 Loom
15:14 Fletching
22:14 Herbal Medicine
23:14 Wheelbarrow
23:16 Ballistics
24:35 Crossbowman
25:54 Fortified Wall
26:52 Bodkin Arrow
26:58 Padded Archer Armor
27:24 Pikeman
28:27 Double-Bit Axe
28:47 Town Watch
31:43 Leather Archer Armor
34:43 Imperial Age
32:45 Scale Mail Armor
34:55 Chain Mail Armor
34:50 Forging
34:54 Halberdier
36:21 Hand Cart
36:18 Arbalester
37:27 Bracer
39:39 Chemistry
39:22 Ring Archer Armor
39:30 Block Printing
鱼鱼
9:39 Feudal Age
13:21 Castle Age
11:11 Double-Bit Axe
22:22 Stone Mining
23:28 Wheelbarrow
23:30 Bow Saw
24:34 Gold Mining
26:06 Hand Cart
28:48 Imperial Age
26:57 Loom
26:58 Town Watch
27:32 Husbandry
27:39 Scale Barding Armor
27:45 Forging
29:10 Chain Barding Armor
28:48 Cavalier
29:32 Chivalry
29:52 Conscription
30:19 Paladin
32:14 Plate Barding Armor
32:37 Iron Casting
33:12 Gold Shaft Mining
35:11 Blast Furnace
35:12 Siege Engineers
35:29 Ballistics
36:09 Chemistry
34:50 Treadmill Crane
蜡笔小新
10:53 Feudal Age
15:03 Castle Age
13:32 Double-Bit Axe
13:28 Horse Collar
16:57 Loom
18:40 Bow Saw
19:51 Wheelbarrow
22:11 Heavy Plow
24:51 Fervor
25:07 Hand Cart
25:19 Town Watch
25:34 Gold Mining
25:36 Stone Mining
30:05 Imperial Age
27:40 Fletching
28:19 Bodkin Arrow
28:25 Padded Archer Armor
29:48 Ballistics
29:09 Treadmill Crane
29:55 Leather Archer Armor
30:15 Heavy Cavalry Archer
30:58 Bracer
31:28 Ring Archer Armor
31:06 Husbandry
31:16 Bloodlines
31:31 Bloodlines
32:20 Parthian Tactics
32:59 Chemistry
32:26 Recurve Bow
33:18 Conscription
34:11 Two-Man Saw
34:33 Crop Rotation
34:30 Corvinian Army
33:55 Elite Magyar Huszar
35:28 Scale Barding Armor
36:32 Coinage
37:25 Chain Barding Armor
36:53 Arson
37:59 Hoardings
38:32 Town Patrol
jusart.92
10:10 Feudal Age
8:25 Loom
12:52 Man-at-Arms
13:17 Arson
20:32 Castle Age
24:20 Sanctity
37:09 Horse Collar
monk
10:44 Feudal Age
14:47 Castle Age
15:46 Double-Bit Axe
17:27 Town Watch
18:49 Loom
19:53 Scale Barding Armor
21:04 Forging
22:57 Bloodlines
23:09 Chain Barding Armor
24:01 Husbandry
25:03 Horse Collar
29:01 Wheelbarrow
28:23 Gold Mining
28:44 Bow Saw
28:40 Heavy Plow
33:28 Imperial Age
32:42 Iron Casting
32:30 Stone Mining
33:34 Cavalier
34:51 Plate Barding Armor
34:46 Light Cavalry
38:02 Two-Man Saw
The Babuino1162
9:21 Loom
11:40 Feudal Age
15:43 Castle Age
13:59 Double-Bit Axe
15:34 Horse Collar
16:02 Town Watch
17:35 Bow Saw
22:13 Fletching
24:27 Wheelbarrow
24:13 Gold Mining
25:09 Heavy Plow
25:52 Bodkin Arrow
30:28 Imperial Age
28:45 Hand Cart
29:32 Stone Mining
30:07 Padded Archer Armor
31:05 Stone Shaft Mining
30:56 Thumb Ring
32:30 Two-Man Saw
31:56 Town Patrol
32:21 Leather Archer Armor
33:32 Chemistry
33:23 Bracer
33:47 Ballistics
34:21 Paper Money
34:21 Treadmill Crane
36:18 Ring Archer Armor
35:52 Elite Skirmisher
Gus_Fring
10:49 Feudal Age
12:10 Loom
12:31 Double-Bit Axe
14:49 Castle Age
13:33 Stone Mining
22:14 Fletching
22:29 Gold Mining
22:57 Town Watch
34:03 Imperial Age
32:18 Bow Saw
32:23 Scale Barding Armor
32:01 Horse Collar
33:31 Marauders
34:42 Chain Barding Armor
35:12 Bloodlines
36:48 Forging
37:12 Husbandry
38:21 Iron Casting
ThomasShelby
6:38 Loom
19:50 Feudal Age
23:51 Castle Age
24:42 Double-Bit Axe
30:55 Horse Collar
34:56 Stone Mining
41:41 Imperial Age
Connection lost

Rejoining the realm…

Still unreachable

The connection could not be restored.

Session expired

The server has moved on; the page needs a fresh start.